 Dungeon Crawl Stone Soup version 0.31.0-11-ge490571c62 (webtiles) character file.

Game seed: 8644214027137328820

7 Killerpretzel the Changeling (level 2, -4/18 HPs)
             Began as an Octopode Shapeshifter on Feb 7, 2024.
             Slain by a hobgoblin (5 damage)
             ... on level 1 of the Dungeon.
             The game lasted 00:00:28 (161 turns).

Killerpretzel the Changeling (Octopode Shapeshifter) Turns: 161, Time: 00:00:29

Health: -4/18      AC:  1    Str: 13    XL:     2   Next: 0%
Magic:  2/2        EV: 13    Int: 12    God:
Gold:   6          SH:  0    Dex: 11    Spells: 1/1 levels left

rFire   . .          .
                       - Unarmed
rCold   . . .        (no shield)
rNeg    . . .        (helmet currently unavailable)
rPois   .            (no amulet)
rElec   .            (no ring)
rCorr   .            (no ring)
SInv    .            (no ring)
Will    .....        (no ring)
Stlth   ++           (no ring)
HPRegen 0.23/turn    (no ring)
MPRegen 0.08/turn    (no ring)
                     (no ring)

%: no passive effects
@: beast-form
A: beast (slay +1), almost no armour, amphibious, 8 rings, camouflage 1,
gelatinous body 1, (nimble swimmer 1), tentacles
a: Begin Untransformation


You were on level 1 of the Dungeon.
You were a hulking beast.
You visited 1 branch of the dungeon, and saw 1 of its levels.

You collected 6 gold pieces.

Inventory:

Talismans
 b - a beast talisman
 c - a flux talisman
Scrolls
 e - a scroll of blinking {unknown}
 f - 2 scrolls of identify {unknown}
Potions
 a - a potion of lignification
 d - a potion of ambrosia {unknown}


   Skills:
 + Level 1.2 Fighting
 + Level 2.1 Dodging
 + Level 3.1 Unarmed Combat
 * Level 3.1 Shapeshifting


You had one spell level left.
You didn't know any spells.
Your spell library contained the following spells:

 Spells                   Type           Power      Damage    Failure   Level
 Gell's Gravitas          Tloc           0%         N/A       69%         3
 Teleport Other           Tloc           0%         N/A       69%         3
 Dispersal                Tloc           0%         N/A       100%        6


Dungeon Overview and Level Annotations

Branches:
Dungeon (1/15)

Altars:


Innate Abilities, Weirdness & Mutations

You are a hulking beast.
Your limbs bulge with bestial killing power. (Slay +1)
You cannot wear most types of armour.
You are amphibious.
You can wear up to eight rings at the same time.
Your skin changes colour to match your surroundings (Stealth+).
Your rubbery body absorbs attacks. (AC +1, EV +1)
((You are camouflaged when in or above water. (Stealth+)))
You have tentacles for arms and can constrict up to eight enemies at once.


Message History

The kobold hits you with a +0 short sword.
There are monsters nearby!
You closely miss the kobold. You grab the kobold. You constrict the kobold.
The kobold hits you with a +0 short sword.
There are monsters nearby!
You completely miss the kobold.
The kobold is moderately wounded.
You constrict the kobold, but do no damage.
The kobold hits you with a +0 short sword.
There are monsters nearby!
You release your grip on the kobold.
The rat attacks as it pursues you! The rat closely misses you.
The frilled lizard attacks as it pursues you!
The frilled lizard barely misses you.
You are too injured to fight recklessly!
There are monsters nearby!
You tentacle-slap the frilled lizard.
You kill the frilled lizard!
You closely miss the kobold. Your grab misses the kobold.
Your squeeze misses the kobold.
The kobold is moderately wounded.
The kobold hits you with a +0 short sword.
* * * LOW HITPOINT WARNING * * *
You completely miss the kobold. Your grab misses the kobold.
Your squeeze misses the kobold.
The kobold is moderately wounded.
The kobold barely misses you.
You barely miss the kobold. Your grab misses the kobold.
You tentacle-slap the kobold. You squeeze the kobold.
You kill the kobold!
You tentacle-slap the rat.
You kill the rat!
You have reached level 2!
You tentacle-slap the hobgoblin but do no damage.
You grab the hobgoblin. You constrict the hobgoblin. The hobgoblin hits you.
* * * LOW HITPOINT WARNING * * *
You tentacle-slap the hobgoblin.
The hobgoblin is severely wounded.
You constrict the hobgoblin. The hobgoblin hits you.
You die...

#.#.##### #.###.
#.#.# #.# #. #
#.#.########.# #.
#. #.#..........#
#.
#.#.##.####.#####.#
#. #...........# #.
#. ###.#.####### ##
.. #.# . ## #h#
#.g#####g#
#.....#.######
#.............
##.......###.#
#.##......# #.
...#......
#.......##.
...#.#.## #


You could see a hobgoblin.

Vanquished Creatures
  2 bats (D:1)
  An endoplasm (D:1)
  A kobold (D:1)
  A frilled lizard (D:1)
  2 rats (D:1)
7 creatures vanquished.

Notes
Turn   | Place    | Note
-------+----------+-------------------------------------------
     0 | D:1      | Killerpretzel the Octopode Shapeshifter began the quest for
                  | the Orb.
     0 | D:1      | Reached XP level 1. HP: 13/13 MP: 1/1
   160 | D:1      | Reached XP level 2. HP: 4/18 MP: 2/2
   161 | D:1      | Slain by a hobgoblin

Illustrated notes

Levels and vault maps discovered:
D:1:      matt_arrival_grand_opening, layout_loops_ring

Action                     || total
---------------------------++-------
  Melee: Unarmed           ||    16
         Constrict         ||     2
         Punch             ||     1
         Tentacles         ||     1
   Stab: Sleeping          ||     1
 Armour: Skin              ||     8
  Dodge: Dodged            ||     9
